 Dungeon Crawl Stone Soup version 0.16-a0-3029-g57b17b4 (webtiles) character file.

137 Grim the Chopper (level 5, -7/45 HPs)
             Began as a Minotaur Berserker on Dec 8, 2014.
             Was a Priest of Trog.
             Mangled by Grim's ghost (16 damage)
             ... on level 3 of the Dungeon.
             The game lasted 00:10:16 (2442 turns).

Grim the Chopper (Minotaur Berserker)               Turns: 2442, Time: 00:10:17

Health: -7/45      AC:  8    Str: 22    XL:     5   Next: 0%
Magic:  2/2        EV:  8    Int:  4    God:    Trog [***...]
Gold:   97         SH:  0    Dex: 10    Spells: 0 memorised, 4 levels left

rFire  . . .     SeeInvis .     f - +1 hand axe
rCold  . . .     Clarity  .     d - +0 chain mail
rNeg   . . .     SustAb   .     (no shield)
rPois  .         Gourm    .     (helmet restricted)
rElec  .         Spirit   .     (no cloak)
rCorr  .         Warding  .     (no gloves)
rMut   .         Stasis   .     (no boots)
MR     .....                    (no amulet)
Stlth  ..........               (no ring)
                                (no ring)

@: not resistant to hostile enchantments, extremely unstealthy
A: retaliatory headbutt, horns 2
a: Burn Spellbooks, Berserk, Trog's Hand, Renounce Religion


You were on level 3 of the Dungeon.
You worshipped Trog.
Trog was most pleased with you.
You were not hungry.

You visited 1 branch of the dungeon, and saw 3 of its levels.

You collected 97 gold pieces.

Inventory:

Hand weapons
 a - a +0 hand axe
 f - a +1 hand axe (weapon)
Armour
 b - a +0 animal skin
 d - a +0 chain mail (worn)
Scrolls
 j - a scroll of magic mapping {unknown}
 k - a scroll of recharging {unknown}
 m - a scroll of amnesia {unknown}
 n - 2 scrolls of enchant weapon
Potions
 e - a potion of cure mutation {unknown}
 h - 2 potions of ambrosia {unknown}
 l - a potion of mutation {unknown}
Comestibles
 c - 2 bread rations
 g - a slice of pizza
 i - 2 fruits


   Skills:
 - Level 3.6 Fighting
 + Level 6.8 Axes
 - Level 2.4 Armour
 - Level 2.1 Dodging
 - Level 0.1 Stealth


You had 4 spell levels left.
You didn't know any spells.

Dungeon Overview and Level Annotations

Branches:
Dungeon (3/15)

Altars:

Annotations:
D:3 Grim's ghost, average TrMo


Innate Abilities, Weirdness & Mutations

You reflexively headbutt those who attack you in melee.
You have a pair of horns on your head.


Message History

You closely miss Grim's ghost. Your headbutt misses Grim's ghost.
Grim's ghost is lightly damaged.
Grim's ghost barely misses you.
You hit Grim's ghost but do no damage.
Grim's ghost is lightly damaged.
Grim's ghost completely misses you.
You closely miss Grim's ghost.
Grim's ghost is lightly damaged.
Grim's ghost hits you.
* * * LOW HITPOINT WARNING * * *
Grim's ghost hits you but does no damage.
Found 8 gold pieces.
Grim's ghost barely misses you. Grim's ghost hits you!
* * * LOW HITPOINT WARNING * * *
Found a bread ration.
Found a brass ring.
There is a stone staircase leading up here.
Grim's ghost hits you!
You die...

. .. .# # .#
.#####.# ..%.#.#
#..#.## #...=#
#.####@.#
#.....W.##
#.####...##
.#.###.....#
...(...?...#
...........######
................#
..............####
#............##


You could see Grim's ghost.

Vanquished Creatures
  An iguana (D:3)
  Robin (D:2)
  4 adders (D:2)
  A giant mite (D:2)
  3 oozes
  A ball python (D:1)
  4 bats
  9 goblins
  7 hobgoblins
  11 jackals
  2 kobolds
  A giant gecko (D:1)
  A giant newt (D:1)
  4 rats (D:1)
50 creatures vanquished.

Notes
Turn   | Place    | Note
--------------------------------------------------------------
     0 | D:1      | Grim, the Minotaur Berserker, began the quest for the Orb.
     0 | D:1      | Reached XP level 1. HP: 19/19 MP: 1/1
   163 | D:1      | Reached skill level 4 in Axes
   220 | D:1      | Reached XP level 2. HP: 20/26 MP: 1/1
   608 | D:1      | Acquired Trog's second power
   740 | D:1      | Reached skill level 5 in Axes
   884 | D:1      | Reached XP level 3. HP: 31/31 MP: 2/2
  1688 | D:2      | Reached skill level 6 in Axes
  1688 | D:2      | Reached XP level 4. HP: 32/39 MP: 2/2
  2123 | D:2      | Noticed Robin
  2131 | D:2      | Killed Robin
  2282 | D:3      | Reached XP level 5. HP: 31/45 MP: 2/2
  2420 | D:3      | Noticed Grim's ghost (average TrMo)
  2442 | D:3      | Mangled by Grim's ghost

Action                   |  1- 3 |  4- 6 || total
-------------------------+-------+-------++-------
Melee: Hand axe          |   100 |    40 ||   140
Invok: Berserk           |       |     1 ||     1
  Use: Scroll            |     3 |       ||     3
  Eat: Chunk             |     2 |     3 ||     5
       Fruit             |       |     1 ||     1
